 Dungeon Crawl Stone Soup version 0.28.0-47-ge53b351184 (webtiles) character file.

Game seed: 16746720820944561587

476 101zpm the Magician (level 7, -9/45 HPs)
             Began as a Djinni Fire Elementalist on May 1, 2022.
             Killed by divine providence
             ... invoked by an orc priest
              (12 damage)
             ... on level 5 of the Dungeon.
             The game lasted 00:07:45 (3325 turns).

101zpm the Magician (Djinni Fire Elementalist)      Turns: 3325, Time: 00:07:46

Health: -9/45      AC:  2    Str:  7    XL:     7   Next: 33%
Gold:   63         EV: 12    Int: 18    God:
                   SH:  0    Dex: 14

rFire   + + .      SeeInvis .   (no weapon)
rCold   x . .      Faith    .   (no shield)
rNeg    . . .      Spirit   .   a - +0 robe
rPois   ∞          Reflect  .   (no helmet)
rElec   .          Harm     .   (no cloak)
rCorr   .          Rampage  .   (no gloves)
Will    .....                   (boots unavailable)
Stlth   ++........              (no amulet)
HPRegen 0.15/turn               (no ring)
MPRegen 0.00/turn               (no ring)

@: flying
A: sickness immunity, fire resistance 2, cold vulnerability 1, float, innate
caster, HP casting, extra vitality 1
a: no special abilities


You were on level 5 of the Dungeon.
You visited 1 branch of the dungeon, and saw 5 of its levels.

You collected 63 gold pieces.

Inventory:

Armour
 a - a +0 robe (worn)
Jewellery
 d - a ring of willpower
 k - a ring of wizardry
Wands
 b - a wand of flame (19)
Scrolls
 c - 2 scrolls of enchant weapon {unknown}
 e - a scroll of vulnerability {unknown}
 f - a scroll of identify {unknown}
Potions
 g - 2 potions of heal wounds {unknown}
 h - a potion of mutation {unknown}
 i - a potion of resistance {unknown}
 j - a potion of curing {unknown}


   Skills:
 + Level 2.8 Dodging
 + Level 2.3 Stealth
 + Level 5.7 Spellcasting


You couldn't memorise any spells.
You knew the following spells:

 Your Spells              Type           Power      Damage    Failure   Level
a - Foxfire               Conj/Fire      100%       2x1d9     1%          1
b - Scorch                Fire           50%        2d8       1%          2
c - Conjure Flame         Conj/Fire      25%        6-21      3%          3
d - Inner Flame           Hex/Fire       25%        N/A       3%          3
e - Flame Wave            Conj/Fire      25%        2d7       12%         4
f - Animate Skeleton      Necr           50%        N/A       1%          1
g - Searing Ray           Conj           50%        2d6       1%          2
h - Frozen Ramparts       Ice            50%        1d7       3%          3
Your spell library was empty.

Dungeon Overview and Level Annotations

Branches:
Dungeon (5/15)
 Temple: D:4-7

Altars:

Shops:
D:3 (


Innate Abilities, Weirdness & Mutations

You are immune to sickness and miasma.
You are immune to poison.
Your flesh is very heat resistant. (rF++)
You are vulnerable to cold. (rC-)
You float through the air rather than walking.
You learn spells naturally, not from books.
Your magical power is your life essence.
You have superior vitality. (+4 MHP)


Message History

Your magical contamination has completely faded away.
Casting: Foxfire (safe; 1% risk of failure)
Press: ? - help, Q - select action, (/) - cycle Dir - look around, f - activate You conjure some foxfire!
* * * LOW HITPOINT WARNING * * *
The foxfire hits the orc.
The orc is almost dead.
The foxfire hits the orc but does no damage.
The orc is almost dead.
Casting: Foxfire (safe; 1% risk of failure)
Press: ? - help, Q - select action, (/) - cycle Dir - look around, f - activate You conjure some foxfire!
* * * LOW HITPOINT WARNING * * *
The foxfire hits the orc but does no damage.
The orc is almost dead.
The foxfire hits the orc.
You kill the orc!
An orc priest comes into view. It is wielding a +0 whip.
An iguana comes into view.
Casting: Foxfire (safe; 1% risk of failure)
Press: ? - help, Q - select action, (/) - cycle Dir - look around, f - activate You conjure some foxfire!
* * * LOW HITPOINT WARNING * * *
The foxfire hits the orc priest but does no damage. x2
An orc comes into view. It is wielding a +0 dagger.
Casting: Foxfire (safe; 1% risk of failure)
Confirm with . or Enter, or press ? or * to list all spells.
Aiming: Inner Flame (dangerous; 3% risk of failure)
Press: ? - help, Dir - move target, f - orc priest
Aim: an orc priest, wielding a +0 whip and wearing a +0 chain mail (ally target, chance to affect: 80%)
The orc priest barely resists.
* * * LOW HITPOINT WARNING * * *
The foxfire hits the orc priest but does no damage. x2
Casting: Foxfire (safe; 1% risk of failure)
Press: ? - help, Q - select action, (/) - cycle Dir - look around, f - activate You conjure some foxfire!
* * * LOW HITPOINT WARNING * * *
The orc priest calls down the wrath of Beogh upon you.
Beogh smites you!
You die...

######.# #.# ##.##
#...# #...# #...#
#####...##### .
#...........##°.)>
.........§@v)ol)).
#........§§v##.#o†
#####...#####
#...# #...# #...#
#...# ..


You could see an iguana, an orc priest (ally target) and an orc.

Vanquished Creatures
  An orc warrior (D:5)
  A necrophage (D:5)
  An ice beast (D:3)
  An orc priest (D:5)
  A centaur skeleton (D:4)
  Ijyb (D:5)
  An orc wizard (D:5)
  Robin (D:4)
  An adder (D:4)
  An adder skeleton (D:4)
  2 dart slugs
  7 orcs (D:5)
  3 ball pythons
  2 endoplasms (D:4)
  A giant cockroach (D:4)
  10 goblins (D:4)
  5 hobgoblins
  7 jackals
  3 kobolds
50 creatures vanquished.

Vanquished Creatures (others)
  214 foxfires
214 creatures vanquished.

Grand Total: 264 creatures vanquished

Notes
Turn   | Place    | Note
-------+----------+-------------------------------------------
     0 | D:1      | 101zpm the Djinni Fire Elementalist began the quest for the
                  | Orb.
     0 | D:1      | Reached XP level 1. HP: 15/15 MP: 0/0
   296 | D:3      | Noticed an ice beast
   301 | D:3      | Killed an ice beast
   302 | D:3      | Reached skill level 3 in Spellcasting
   302 | D:3      | Reached XP level 2. HP: 5/21 MP: 0/0
   302 | D:3      | Reached XP level 3. HP: 6/25 MP: 0/0
   302 | D:3      | Learned a level 1 spell: Animate Skeleton
   302 | D:3      | Reached XP level 4. HP: 8/31 MP: 0/0
   302 | D:3      | Reached XP level 5. HP: 9/35 MP: 0/0
   302 | D:3      | Learned a level 2 spell: Searing Ray
   690 | D:3      | Found Tafirhao's Weapon Shoppe.
   976 | D:4      | Noticed Robin
   980 | D:4      | Killed Robin
   983 | D:4      | Reached skill level 4 in Spellcasting
  2660 | D:5      | Entered Level 5 of the Dungeon
  2672 | D:5      | Noticed a necrophage
  2677 | D:5      | Killed a necrophage
  2678 | D:5      | Reached XP level 6. HP: 15/40 MP: 0/0
  2911 | D:5      | Reached skill level 5 in Spellcasting
  2930 | D:5      | Noticed an orc warrior
  2950 | D:5      | Killed an orc warrior
  2950 | D:5      | HP: 2/40 [spore (11)]
  2951 | D:5      | Reached XP level 7. HP: 2/45 MP: 0/0
  2951 | D:5      | Learned a level 3 spell: Frozen Ramparts
  3295 | D:5      | Noticed Ijyb
  3298 | D:5      | Killed Ijyb
  3325 | D:5      | Killed from afar by an orc priest

Illustrated notes

Levels and vault maps discovered:
D:1:      sevenhm_arrival_forest_fort_large_3, layout_basic,
          nicolae_ecumenical_lake_church, minmay_tetromino_i2
D:2:      layout_basic
D:3:      layout_rooms, gammafunk_temple_overflow_wave,
          pdpol_wu_jian_five_deadly_venoms, serial_shops, shop_fountains
D:4:      layout_gridville, uniq_robin
D:5:      layout_loops_cross, serial_glass, glass_columns_a, glass_columns_b,
          uniq_ijyb

Skill      XL: |  1  2  3  4  5  6 |
---------------+-------------------+-----
Stealth        | 2 |  2.3
Spellcasting   | 3 4 5 |  5.7
Dodging        | |  2.8

Action                   |  1- 3 |  4- 6 |  7- 9 || total
-------------------------+-------+-------+-------++-------
 Cast: Foxfire           |    18 |    90 |    14 ||   122
       Inner Flame       |       |    25 |     8 ||    33
       Scorch            |       |     7 |       ||     7
       Frozen Ramparts   |       |       |     2 ||     2
Dodge: Dodged            |     2 |       |       ||     2
